noty, neutral male scurrid Tourist . ... ... . . d. .. . .. ... .. .#. ... ---##----##----##---- ...|?.?.?.?.?.?.?.?.?.?| .#................... #..................- |...............`..| |.....@...{........| +............{.....+ +...@...{..........+ |..........{.......| --|.....@............| ....#......N...........-- ....#.......@...........| .. |.?.?.?.?.?.?.?.?.?.| ---##----##---- #---- .. ..# ... ..... noty the Rambler Experience level: 1 Strength: 10 Dexterity: 11 Constitution: 14 Intelligence: 12 Wisdom: 10 Charisma: 18 Health: 0(9) Energy: 2(2) Def: 0 Gold: 611 Moves: 69 Dungeon seed: QUsx8mYVqhIj8ouz Game ID: noty_1498607909 Your Inventory: Coins $ - 611 gold pieces Weapons a - 53 cursed +2 darts (in quiver) Armor e - a blessed +0 Hawaiian shirt (being worn) Comestibles b - an uncursed chestnut c - 4 cursed food rations d - 3 uncursed eggs f - an uncursed fortune cookie g - a cursed clove of garlic h - 3 uncursed tripe rations Scrolls j - 4 uncursed scrolls of magic mapping Potions i - 2 uncursed potions of extra healing Rings o - a cursed ring of polymorph Wands m - a cursed wand of secret door detection (0:15) Tools k - an uncursed expensive camera (0:52) l - an uncursed credit card n - an uncursed tin opener Spells and supernatural/magical abilities: Name Level Category Fail Memory W - pray for help -- divine ? -- Your skills at the end: Miscellaneous Skills wands [Basic] Weapon Skills dart [Basic] Spellcasting Skills Final Attributes: You were devoutly aligned. You had infravision. You were very stealthy. You are dead. Voluntary challenges: You went without food. You did not adorn yourself with jewelry or accessories. You did not cause conflict. You were not invisible. You did not have reflection. You were not displaced. You were an atheist. You never hit with a wielded weapon. You were a pacifist. You did not use tools. You did not use plumbed fixtures. You did not drink any magical draughts. You were illiterate. You never genocided any monsters. You never polymorphed an object. You never changed form. You used no wishes. You never split a pudding. You never wrote Elbereth's name. You never violated your personal moral code. Dungeon overview: The Dungeons of Doom: levels 1 to 28 Level 1 a long staircase Level 2 a general store Level 3 Level 4 Level 5 Level 6 a general store Level 7 Level 8 Level 9 Level 10 Level 11 Level 12 Level 13 Level 14 Level 15 Level 16 Level 17 a sink Level 18 a fountain Level 19 Level 20 Level 21 an armor shop Level 22 Level 23 Level 24 Level 25 Level 26 Level 27 Level 28 <- You were here many fountains, some trees History has recorded: On T:1 you entered the Dungeons of Doom to retrieve the Amulet of Yendor! On T:5 you reached level 2 of The Dungeons of Doom. On T:10 you reached level 4 of The Dungeons of Doom. On T:12 you reached level 5 of The Dungeons of Doom. On T:14 you reached level 6 of The Dungeons of Doom. On T:16 you reached level 7 of The Dungeons of Doom. On T:19 you reached level 8 of The Dungeons of Doom. On T:21 you reached level 9 of The Dungeons of Doom. On T:27 you reached level 11 of The Dungeons of Doom. On T:29 you reached level 12 of The Dungeons of Doom. On T:31 you reached level 13 of The Dungeons of Doom. On T:34 you reached level 14 of The Dungeons of Doom. On T:36 you reached level 15 of The Dungeons of Doom. On T:36 you entered the Rogue tribute level. On T:38 you reached level 16 of The Dungeons of Doom. On T:40 you reached level 17 of The Dungeons of Doom. On T:43 you reached level 18 of The Dungeons of Doom. On T:45 you reached level 19 of The Dungeons of Doom. On T:49 you reached level 20 of The Dungeons of Doom. On T:51 you reached level 21 of The Dungeons of Doom. On T:53 you reached level 22 of The Dungeons of Doom. On T:55 you reached level 23 of The Dungeons of Doom. On T:58 you reached level 24 of The Dungeons of Doom. On T:60 you reached level 25 of The Dungeons of Doom. On T:62 you reached level 26 of The Dungeons of Doom. On T:64 you reached level 27 of The Dungeons of Doom. On T:67 you reached The Castle. Score breakdown: Gold: 31 ( 3 points) Experience: 1 level ( 0 points) Exploration: 28 levels ( 810 points) Discoveries: 2 items ( 100 points) Variety of kills: 0 monsters ( 0 points) Major goal: (nothing yet) ( 0 points) Survival: died (score multiplied by 3) Total score: 2739 Latest messages: You continue digging downward. You dig a pit in the floor. You continue digging downward. You dig a hole through the floor. You fall through... You start digging downward. You continue digging downward. You dig a pit in the floor. You continue digging downward. You dig a hole through the floor. You fall through... That command is only available in debug mode. You have no weapon equipped. The golden naga bites! The golden naga casts a spell at you! You feel as if you need some help. You hear a nearby zap. The magic missile hits it. (4x) You hear some noises in the distance. You start digging downward. The golden naga bites! You die... Final status: Aloha noty the Tourist, killed by a golden naga... You died in The Dungeons of Doom on dungeon level 28 with 2739 points, and 611 pieces of gold, after 69 moves. You were level 1 with a maximum of 9 hit points when you died.